 Dungeon Crawl Stone Soup version 0.19.0-24-gb05acd6 (console) character file.

39 CALLOUS the Gusty (level 3, -1/20 HPs)
             Began as a Gargoyle Air Elementalist on Nov 21, 2016.
             Slain by Natasha (6 damage)
             ... on level 2 of the Dungeon.
             The game lasted 00:30:24 (2030 turns).

CALLOUS the Gusty (Gargoyle Air Elementalist)       Turns: 2030, Time: 00:30:25

Health: -1/20      AC:  5    Str: 12    XL:     3   Next: 45%
Magic:  2/6        EV: 12    Int: 15    God:
Gold:   86         SH:  0    Dex: 10    Spells: 3 memorised, 0 levels left

rFire  . . .     SeeInvis .     (no weapon)
rCold  . . .     Gourm    .     a - +0 robe
rNeg   + . .     Faith    .     (no shield)
rPois  ∞         Spirit   .     (no helmet)
rElec  +         Reflect  .     (no cloak)
rCorr  .         Harm     .     (no gloves)
MR     .....                    (no boots)
Stlth  ++........               (no amulet)
                                (no ring)
                                (no ring)

@: slowed, repel missiles, very slow
A: negative energy resistance 1, electricity resistance, unbreathing,
petrification resistance, rot immunity, AC +3
a: no special abilities


You were on level 2 of the Dungeon.
You were not hungry.

You visited 1 branch of the dungeon, and saw 2 of its levels.

You collected 86 gold pieces.

Inventory:

Hand Weapons
 m - a +0 antimagic short sword
Missiles
 e - 19 bolts
 h - 7 stones (quivered)
 o - 16 sling bullets
 p - 23 arrows
Armour
 a - a +0 robe (worn)
Scrolls
 i - a scroll of magic mapping {unknown}
 j - 2 scrolls of remove curse {unknown}
 k - a scroll of noise {unknown}
 l - a scroll of enchant weapon {unknown}
Potions
 n - a potion of magic {unknown}
Books
 b - a book of Air

   Spells                             Type                      Level
   a - Shock                          Conjuration/Air              1
   b - Swiftness                      Charms/Air                   2
   c - Repel Missiles                 Charms/Air                   2
   d - Static Discharge               Conjuration/Air              3
   e - Lightning Bolt                 Conjuration/Air              5
Comestibles
 c - a bread ration
 q - 2 chunks of flesh


   Skills:
 * Level 1.4 Fighting
 * Level 1.5 Armour
 - Level 1.5 Dodging
 + Level 2.4 Stealth
 - Level 2.0 Spellcasting
 * Level 2.1 Conjurations
 - Level 2.4 Air Magic


You couldn't memorise any spells.
You knew the following spells:

 Your Spells              Type           Power        Failure   Level  Hunger
a - Shock                 Conj/Air       #...         12%         1    #......
b - Repel Missiles        Chrm/Air       #.....       21%         2    ###....
c - Static Discharge      Conj/Air       #.......     30%         3    ###....


Dungeon Overview and Level Annotations

Branches:
Dungeon (2/15)

Altars:

Annotations:
D:2 Natasha


Innate Abilities, Weirdness & Mutations

You are resistant to torment.
Your stone body is resilient. (AC +3)
You are immune to poison.
You resist negative energy. (rN+)
You are resistant to electric shocks. (rElec)
You can survive without breathing.
You are immune to petrification.
You are immune to rotting.


Message History

Press: ? - help, Shift-Dir - straight line The zap hits Natasha.
Natasha is heavily wounded.
The zap hits Natasha.
Natasha appears unharmed.
Natasha is heavily wounded.
Natasha casts a spell at you.
You feel yourself slow down. The white imp barely misses you.
Casting: Shock
Confirm with . or Enter, or press ? or * to list all spells.
Aiming: Shock
Press: ? - help, Shift-Dir - straight line The zap hits Natasha.
Natasha is severely wounded.
The zap hits Natasha.
Natasha is almost dead.
Natasha claws you.
* * * LOW HITPOINT WARNING * * *
The white imp shouts, "Leave, thou rank ruttish minnow reeky!"
The white imp closely misses you. Natasha claws you.
You die...

... #.# #.# ## ####
#.# ##.# ###...# ...
... .....(. #.# #..
....... #K#
#.#######(...... #.#
#.##...@h..#
#.###.##.###5..#
#..................
######.##.###...##..#
#......##.# #...# .#
##.###..##.###...# #
.........#.........
.##.###.............
...........###.#
P#.###.##..# .
###.##..###...#


You could see Natasha and a white imp.

Vanquished Creatures
  An adder (D:2)
  A leopard gecko (D:1)
  4 bats (D:1)
  3 hobgoblins (D:1)
  4 jackals (D:1)
  5 kobolds (D:1)
  A frilled lizard (D:1)
  9 rats
28 creatures vanquished.

Notes
Turn   | Place    | Note
-------+----------+-------------------------------------------
     0 | D:1      | CALLOUS the Gargoyle Air Elementalist began the quest for the Orb.
     0 | D:1      | Reached XP level 1. HP: 10/10 MP: 3/3
   280 | D:1      | Reached skill level 1 in Armour
   280 | D:1      | Reached XP level 2. HP: 14/15 MP: 0/5
   284 | D:1      | Learned a level 2 spell: Repel Missiles
  1342 | D:1      | Reached XP level 3. HP: 20/20 MP: 4/6
  1347 | D:1      | Learned a level 3 spell: Static Discharge
  1840 | D:1      | Reached skill level 1 in Fighting
  2023 | D:2      | Noticed Natasha
  2030 | D:2      | Slain by Natasha

Skill      XL: |  1  2  3 |
---------------+----------+-----
Armour         | 1 |  1.5
Conjurations   | 2 |  2.1
Fighting       | 1 |  1.4
Dodging        | |  1.5
Stealth        | |  2.4
Spellcasting   | |  2.0
Air Magic      | |  2.4

Action                   || total
-------------------------++-------
Melee: Unarmed           ||    93
Throw: Stone             ||    36
 Cast: Shock             ||    30
       Repel Missiles    ||     1
  Use: Potion            ||     1
  Eat: Chunk             ||     4
Armor: Robe              ||    39
Dodge: Dodged            ||    87
       Deflected         ||     1
